 Dungeon Crawl Stone Soup version 0.19-a0-1834-g6b7851e (webtiles) character file.

1346 Alarkh the Poker (level 8, 0/56 HPs)
             Began as a Mummy Skald on Oct 9, 2016.
             Slain by Dowan
             ... wielding a +0 dagger
              (1 damage)
             ... on level 4 of the Dungeon.
             The game lasted 00:09:11 (7163 turns).

Alarkh the Poker (Mummy Skald)                      Turns: 7163, Time: 00:09:11

Health: 0/56       AC:  3    Str: 16    XL:     8   Next: 36%
Magic:  7/13       EV: 11    Int: 13    God:
Gold:   230        SH:  0    Dex: 11    Spells: 4 memorised, 5 levels left

rFire  x . .     SeeInvis .     b - +1 scythe (venom)
rCold  + . .     Gourm    .     k - +0 leather armour
rNeg   + + +     Faith    .     (shield currently unavailable)
rPois  ∞         Spirit   .     (no helmet)
rElec  .         Dismiss  .     (no cloak)
rCorr  .         Reflect  .     (no gloves)
MR     +....     Harm     .     (no boots)
Stlth  +.........               (no amulet)
                                (no ring)
                                (no ring)

@: about to teleport, very slightly contaminated
A: no food or potions, fire vulnerability, cold resistance 1, negative energy
resistance 3, torment resistance, unbreathing
a: no special abilities


You were on level 4 of the Dungeon.
You were not hungry.

You visited 1 branch of the dungeon, and saw 5 of its levels.

You collected 230 gold pieces.

Inventory:

Hand Weapons
 a - a +0 spear
 b - a +1 scythe of venom (weapon)
 e - a +0 dagger of venom
Armour
 k - a +0 leather armour (worn)
Wands
 i - a wand of lightning (4/15)
Scrolls
 d - 4 scrolls of teleportation
 f - a scroll of noise {unknown}
 g - a scroll of remove curse
 h - a scroll of magic mapping {unknown}
 j - a scroll of blinking {unknown}
 l - a scroll of amnesia
 m - a scroll of recharging {unknown}
 o - a scroll of enchant weapon {unknown}
 p - a scroll of fear {unknown}
Books
 c - a book of Battle

   Spells                             Type                      Level
   a - Infusion                       Charms                       1
   b - Shroud of Golubria             Charms/Translocation         2
   c - Song of Slaying                Charms                       2
   d - Spectral Weapon                Hexes/Charms                 3
   e - Regeneration                   Charms/Necromancy            3
 n - a book of Necromancy

   Spells                             Type                      Level
   a - Pain                           Necromancy                   1
   b - Animate Skeleton               Necromancy                   1
   c - Vampiric Draining              Necromancy                   3
   d - Regeneration                   Charms/Necromancy            3
   e - Animate Dead                   Necromancy                   4
   f - Control Undead                 Necromancy                   4


   Skills:
 - Level 2.0 Fighting
 * Level 6.7 Polearms
 - Level 0.7 Armour
 - Level 0.7 Dodging
 + Level 3.9 Spellcasting
 + Level 4.0 Charms
 + Level 3.5 Necromancy


You had 5 spell levels left.
You knew the following spells:

 Your Spells              Type           Power        Failure   Level  Hunger
a - Infusion              Chrm           ##..         8%          1    N/A
b - Shroud of Golubria    Chrm/Tloc      #.........   21%         2    N/A
c - Spectral Weapon       Hex/Chrm       #.......     38%         3    N/A
e - Vampiric Draining     Necr           ##........   21%         3    N/A

Dungeon Overview and Level Annotations

Branches:
Dungeon (5/15)
 Temple: D:4-7

Altars:
Gozag

Annotations:
D:1 1 exclusion
D:4 Dowan


Innate Abilities, Weirdness & Mutations

You do not eat or drink.
Your flesh is vulnerable to fire.
You are immune to poison.
Your flesh is cold resistant. (rC+)
You are immune to negative energy. (rN+++)
You are immune to unholy pain and torment.
You can survive without breathing.


Message History

Dowan gestures at you while chanting. The shard of ice hits you!
You partially resist.
Found a stone staircase leading down.
Your shroud unravels.
Dowan casts a spell at you. The shard of ice hits you! You partially resist.
Dowan casts a spell.
Dowan blinks!
There is a stone staircase leading up here.
Dowan barely misses you.
You climb upwards.
There is a stone staircase leading down here.
You barely miss Dowan. Dowan gestures at you while chanting.
The stone arrow hits you!
* * * LOW HITPOINT WARNING * * *
Dowan barely misses you. Dowan closely misses you.
As you read the scroll of teleportation, it crumbles to dust.
You feel strangely unstable. Dowan hits you with a dagger.
You die...

#.# #.......#######.###
#.# #.#
#.......'.........# #.#
#.# #.......#######.#.#
#.###### #.# #.......#
#≈#.# #....... #.#
#.......#
#.#.########.#
##.###.......#####
#.#§#........#
..>..#######.....#
#.#.#.######## ##.#.#
##.....###.#...########
#.#.#
#.....@..(.............
#.#.#
#....e.###.#########.##
##.#.#
#...........)[.........
...#.#
#...[..###.#########.##
####.#### #.(...<).(.#
#.# #....# #.##########
#####.##
#######.###.......#
#......#
.............####.##
#......#
####............#..#
#......#


You could see Dowan.

Vanquished Creatures
  Sigmund (D:5)
  Eustachio (D:4)
  Duvessa (D:5)
  A sky beast (D:4)
  2 phantoms (D:4)
  2 ogres (D:4)
  A centaur (D:4)
  A scorpion (D:4)
  3 orc priests
  A centaur skeleton (D:4)
  An iguana (D:3)
  Natasha (thrice) (D:4)
  A worker ant (D:4)
  5 adders
  An adder skeleton (D:4)
  3 worms
  3 dart slugs
  2 leopard geckos (D:2)
  11 orcs
  5 bats
  5 giant cockroaches
  4 goblins
  5 hobgoblins
  4 quokkas
  2 ball pythons
  8 frilled lizards
  4 kobolds
  2 rats (D:1)
83 creatures vanquished.

Vanquished Creatures (others)
  A spectral weapon (D:5)
1 creature vanquished.

Grand Total: 84 creatures vanquished

Notes
Turn   | Place    | Note
-------+----------+-------------------------------------------
     0 | D:1      | Alarkh the Mummy Skald began the quest for the Orb.
     0 | D:1      | Reached XP level 1. HP: 16/16 MP: 3/3
    80 | D:1      | Reached skill level 2 in Polearms
   316 | D:1      | Reached XP level 2. HP: 22/22 MP: 1/5
  1262 | D:2      | Learned a level 2 spell: Shroud of Golubria
  1605 | D:2      | Reached XP level 3. HP: 27/27 MP: 1/6
  1636 | D:2      | Reached skill level 3 in Polearms
  2170 | D:3      | Found an opulent altar of Gozag.
  2353 | D:2      | Reached XP level 4. HP: 8/33 MP: 5/7
  2811 | D:3      | Reached skill level 4 in Polearms
  3299 | D:4      | Reached XP level 5. HP: 8/38 MP: 0/8
  4694 | D:3      | Learned a level 3 spell: Vampiric Draining
  4715 | D:4      | Reached skill level 5 in Polearms
  4722 | D:4      | Noticed an ogre
  4789 | D:4      | Killed an ogre
  4789 | D:4      | Reached skill level 1 in Necromancy
  4789 | D:4      | Reached XP level 6. HP: 44/44 MP: 0/9
  5299 | D:4      | Noticed Eustachio
  5330 | D:4      | Killed Eustachio
  5330 | D:4      | Reached XP level 7. HP: 22/50 MP: 3/11
  5506 | D:4      | Learned a level 3 spell: Spectral Weapon
  6011 | D:4      | Noticed Natasha
  6027 | D:4      | Killed Natasha
  6251 | D:4      | Reached skill level 6 in Polearms
  6364 | D:4      | Noticed Natasha
  6377 | D:4      | Killed Natasha
  6432 | D:4      | Noticed Natasha
  6438 | D:4      | Killed Natasha
  6751 | D:5      | Entered Level 5 of the Dungeon
  6850 | D:4      | Reached XP level 8. HP: 27/56 MP: 0/13
  7046 | D:5      | Noticed Sigmund
  7072 | D:5      | Killed Sigmund
  7132 | D:5      | Noticed Duvessa
  7140 | D:5      | Noticed Dowan
  7151 | D:5      | Killed Duvessa
  7162 | D:4      | HP: 1/56 [Dowan/stone arrow (19)]
  7163 | D:4      | Slain by Dowan

Vault maps used:
D:1:      dpeg_arrival_chase
D:3:      nicolae_gozag_seed_capital
D:4:      wad_river_or_something, first_bread, small_statue_intersection,
          uniq_natasha, uniq_eustachio
D:5:      uniq_duvessa, uniq_sigmund

Skill      XL: |  1  2  3  4  5  6  7  8 |
---------------+-------------------------+-----
Polearms       | 2 3 4 5 6 |  6.7
Necromancy     | 1 3 |  3.5
Charms         | 3 4 |  4.0
Spellcasting   | 3 |  3.9
Fighting       | |  2.0
Armour         | |  0.7
Dodging        | |  0.7

Action                   |  1- 3 |  4- 6 |  7- 9 || total
-------------------------+-------+-------+-------++-------
Melee: Spear             |   163 |   148 |   101 ||   412
       Dagger            |       |    12 |    39 ||    51
       Scythe            |       |       |     6 ||     6
 Cast: Infusion          |    28 |    21 |    14 ||    63
       Shroud of Golubri |       |    10 |     6 ||    16
       Spectral Weapon   |       |       |     7 ||     7
       Vampiric Draining |       |       |     4 ||     4
  Use: Scroll            |     1 |     3 |     1 ||     5
Armor: Leather armour    |    27 |    32 |    18 ||    77
Dodge: Dodged            |    82 |    73 |    56 ||   211
